 Dungeon Crawl Stone Soup version 0.31-a0-986-g5e6e4ef867 (webtiles) character file.

Game seed: 12890540728635661001

2240 jlumianski the Ruffian (level 9, -3/56 (61) HPs)
             Began as a Gnoll Shapeshifter on Nov 22, 2023.
             Was a Follower of Hepliaklqana.
             Slain by an orc warrior
             ... wielding a +0 glaive
              (13 damage)
             ... on level 8 of the Dungeon.
             The game lasted 00:43:41 (8668 turns).

jlumianski the Ruffian (Gnoll Shapeshifter)         Turns: 8668, Time: 00:43:42

HP:   -3/56 (61)    AC:  9    Str: 18    XL:     9   Next: 36%
MP:   24/24         EV:  9    Int: 10    God:    Hepliaklqana [*.....]
Gold: 172           SH:  0    Dex: 11    Spells: 13/16 levels left

rFire   . . .        F - +4 broad axe (vamp)
rCold   . . .        (no shield)
rNeg    . . .        l - +0 chain mail
rPois   .            (helmet currently unavailable)
rElec   .            (cloak currently unavailable)
rCorr   .            (gloves currently unavailable)
SInv    .            (boots currently unavailable)
Will    +....        C - amulet of magic regeneration Stlth
                     f - ring of magical power
HPRegen 0.29/turn    w - ring of willpower
MPRegen 0.59/turn

%: no passive effects
@: beast-form, hasted, drained, very quick
A: beast (slay +4), reduced essence, fangs 1, strong nose, distributed training
a: Begin Untransformation, Renounce Religion, Recall Ancestor, Ancestor Identity


You were on level 8 of the Dungeon.
You worshipped Hepliaklqana.
Hepliaklqana was aware of your devotion.
You were a hulking beast.
You visited 2 branches of the dungeon, and saw 9 of its levels.

You collected 435 gold pieces.
You spent 263 gold pieces at shops.

Inventory:

Hand Weapons
 n - a +1 dagger of draining
 s - a +1 dagger of speed
 v - a +2 mace of holy wrath
 x - the +3 hammer of the Hills {spect, rElec Will- Int+7 Dex-3}
   (You found it on level 4 of the Dungeon)

   Int+7:     It affects your intelligence (+7).
   Dex-3:     It affects your dexterity (-3).
   rElec:     It insulates you from electricity.
   Will-:     It decreases your willpower.
 A - a +1 spear of freezing
 D - a +0 short sword of venom
 F - a +4 vampiric broad axe (weapon)
Missiles
 g - 25 stones
 j - 5 atropa-tipped darts
 p - 5 poisoned darts (quivered)
Armour
 a - a +0 animal skin
 h - a +1 hat
 l - a +0 chain mail (worn)
 o - a +0 ring mail
 y - a +3 leather armour of fire resistance
 O - a scarf of shadows
Jewellery
 f - a ring of magical power (left hand)
 w - a ring of willpower (right hand)
 C - an amulet of magic regeneration (around neck)
Talismans
 c - a beast talisman
 d - a flux talisman
Wands
 G - a wand of light (3)
 K - a wand of polymorph (14)
 M - a wand of mindburst (4)
Scrolls
 e - a scroll of vulnerability
 m - a scroll of revelation
 r - 3 scrolls of poison
 t - 2 scrolls of amnesia
 H - 2 scrolls of fog
 I - a scroll of noise
 J - a scroll of blinking {unknown}
Potions
 b - 3 potions of lignification
 i - a potion of cancellation
 k - a potion of mutation
 q - a potion of resistance
 u - 3 potions of curing
 B - a potion of enlightenment
 E - a potion of brilliance
 L - a potion of berserk rage
 N - a potion of heal wounds


   Skills:
 + Level 5.0 Fighting
 + Level 4.2 Short Blades
 + Level 4.2 Long Blades
 + Level 4.2 Axes
 + Level 4.2 Maces & Flails
 + Level 4.2 Polearms
 + Level 4.2 Staves
 + Level 4.2 Ranged Weapons
 + Level 4.2 Throwing
 + Level 4.2 Armour
 + Level 6.3 Dodging
 + Level 4.2 Stealth
 + Level 4.2 Shields
 + Level 7.9 Unarmed Combat
 + Level 4.2 Spellcasting
 + Level 3.5 Conjurations
 + Level 3.5 Hexes
 + Level 3.5 Summonings
 + Level 3.5 Necromancy
 + Level 3.5 Translocations
 + Level 3.5 Transmutations
 + Level 3.5 Fire Magic
 + Level 3.5 Ice Magic
 + Level 3.5 Air Magic
 + Level 3.5 Earth Magic
 + Level 3.5 Poison Magic
 + Level 4.7 Invocations
 + Level 4.2 Evocations
 + Level 7.6 Shapeshifting


You had 13 spell levels left.
You knew the following spells:

 Your Spells              Type           Power      Damage    Failure   Level
a - Ensorcelled Hibernat  Hex/Ice        18%        N/A       63%         2
b - Sandblast             Erth           18%        2d7       47%         1

Your spell library contained the following spells:

 Spells                   Type           Power      Damage    Failure   Level
 Passwall                 Tmut/Erth      7%         N/A       63%         2
 Frozen Ramparts          Ice            18%        1d3       85%         3
 Stone Arrow              Conj/Erth      18%        3d8       85%         3
 Swiftness                Air            9%         N/A       85%         3
 Anguish                  Hex/Necr       4%         N/A       99%         4
 Brom's Barrelling Bould  Conj/Erth      9%         2d3       99%         4
 Cause Fear               Hex            4%         N/A       99%         4
 Petrify                  Tmut/Erth      9%         N/A       99%         4
 Metabolic Englaciation   Hex/Ice        4%         N/A       100%        5
 Enfeeble                 Hex            4%         N/A       100%        7


Dungeon Overview and Level Annotations

Branches:
Dungeon (8/15)             Temple (1/1) D:6
   Lair: D:8-11

Altars:
Ashenzari
Cheibriados
Dithmenos
Elyvilon
Fedhas
Gozag
Hepliaklqana
Makhleb
Nemelex Xobeh
Okawaru
Qazlal
Ru
Sif Muna
Trog
Uskayaw
Wu Jian
Yredelemnul
The Shining One

Shops:
D:3 *   D:7 **(!

Annotations:
D:4 1 runed translucent door, Crazy Yiuf, Pikel
D:8 Joseph


Innate Abilities, Weirdness & Mutations

You are a hulking beast.
Your limbs bulge with bestial killing power. (Slay +4)
Your life essence is reduced to manifest your ancestor. (-10% HP)
You have very sharp teeth.
Your uncanny sense of smell can sniff out nearby items.
Your experience applies equally to all skills.


Message History

A bullfrog comes into view.
The bullfrog gives a loud, deep croak!
The bullfrog closely misses you.
You slash the bullfrog! Your bite misses the bullfrog.
The bullfrog is moderately wounded.
The bullfrog hits you. The bullfrog hits you!
You slash the bullfrog! You bite the bullfrog.
The bullfrog is almost dead.
The bullfrog hits you but does no damage.
The bullfrog hits you!
You slash the bullfrog!
You feel better.
You kill the bullfrog!
Found a robe.
Joseph, a Mercenary comes into view.
He is wielding a +0 quarterstaff and carrying a wand of roots.
Joseph unwields a +0 quarterstaff.
Joseph wields a +0 sling.
Joseph shoots a sling bullet.
The sling bullet hits you!
Joseph shoots a sling bullet.
The sling bullet hits you!
Joseph shoots a sling bullet.
The sling bullet hits you!
You swap places.
Joseph shoots a sling bullet.
The sling bullet hits Wenzel!
Joseph shoots a sling bullet.
The sling bullet hits Wenzel!!
Wenzel is destroyed!
The orc warrior shouts!
You hear a shout!
The orc warrior hits you from afar with a +0 glaive!!
* * * LOW HITPOINT WARNING * * *
Okay, then.
Unknown command.
Unknown command.
Aiming: Bolt of Light
Press: ? - help, Shift-Dir - straight line, f - orc warrior
Aim: an orc warrior, wielding a +0 glaive and wearing a +0 plate armour (74% to hit)
The bolt of light hits the orc warrior!
The orc warrior is heavily wounded.
The orc warrior is blinded.
The orc warrior closely misses you.
Joseph shoots a sling bullet.
The sling bullet hits you.
* * * LOW HITPOINT WARNING * * *
As you read the scroll of fog, it dissolves into smoke.
The orc warrior closely misses you.
You feel yourself speed up.
The orc warrior hits you from afar with a +0 glaive!
You die...

#.##..##.#.#####...##### #.#
#..).....#.# ##.## #.#
###........# #.# #.#
###......### #.# #.#
#.........# ##+## #.#
#.........# ##...## ##.#
#.........#
##..§§.######..####
###......##
##...§§§§#.........#
#......####.>h.§§§§§.###......
###.......'...oo§§§§...@......
........##...§§§§§§.###......
.....##.###..§§§§§#.####.##.#
.... #.# ##.....##.........#
... #.# ##...###########.# .#
#.# ##'## #[# #.# #.# #.# ..#
#<# #.#


You could see an orc warrior (blind) and an orc.

Vanquished Creatures
  Duvessa (D:4)
  An orc warrior (D:7)
  3 black bears
  3 ogres
  A centaur (D:7)
  2 phantoms
  A lemure (D:4)
  A bullfrog (D:8)
  Blork the orc (D:4)
  2 scorpions
  3 wights
  Dowan (D:4)
  4 killer bees
  2 hounds (D:6)
  A jelly (D:4)
  2 orc priests (D:7)
  2 gnoll boudas
  An iguana (D:7)
  3 orc wizards
  Ijyb (D:5)
  6 adders
  8 gnolls
  5 white imps
  2 worms (D:5)
  A dart slug (D:1)
  16 orcs
  6 bats
  5 endoplasms
  9 giant cockroaches
  12 goblins
  8 hobgoblins
  6 jackals (D:1)
  2 kobolds
  4 quokkas
  7 ball pythons
  4 frilled lizards
  8 rats
  A butterfly (D:6)
146 creatures vanquished.

Vanquished Creatures (collateral kills)
  A wight (D:8)
1 creature vanquished.

Vanquished Creatures (others)
  4 ancestors
  An orc (D:5)
5 creatures vanquished.

Grand Total: 152 creatures vanquished

Notes
Turn   | Place    | Note
-------+----------+-------------------------------------------
     0 | D:1      | jlumianski the Gnoll Shapeshifter began the quest for the
                  | Orb.
     0 | D:1      | Reached XP level 1. HP: 17/17 MP: 1/1
   143 | D:2      | Reached XP level 2. HP: 23/23 MP: 2/2
   656 | D:1      | Found a faded altar of an unknown god.
   669 | D:1      | Reached XP level 3. HP: 25/28 MP: 3/3
   836 | D:1      | Reached skill level 1 in Invocations
  1066 | D:2      | Reached skill level 1 in Short Blades
  1066 | D:2      | Reached skill level 1 in Long Blades
  1066 | D:2      | Reached skill level 1 in Axes
  1066 | D:2      | Reached skill level 1 in Maces & Flails
  1066 | D:2      | Reached skill level 1 in Polearms
  1066 | D:2      | Reached skill level 1 in Staves
  1066 | D:2      | Reached skill level 1 in Ranged Weapons
  1066 | D:2      | Reached skill level 1 in Throwing
  1066 | D:2      | Reached skill level 1 in Armour
  1066 | D:2      | Reached skill level 1 in Stealth
  1066 | D:2      | Reached skill level 1 in Shields
  1066 | D:2      | Reached skill level 1 in Spellcasting
  1066 | D:2      | Reached skill level 1 in Evocations
  1660 | D:2      | Found a sparkling altar of Nemelex Xobeh.
  1821 | D:1      | Reached XP level 4. HP: 29/34 MP: 5/5
  2197 | D:3      | Noticed a black bear
  2219 | D:3      | Killed a black bear
  2220 | D:3      | Reached skill level 1 in Conjurations
  2220 | D:3      | Reached skill level 1 in Hexes
  2220 | D:3      | Reached skill level 1 in Summonings
  2220 | D:3      | Reached skill level 1 in Necromancy
  2220 | D:3      | Reached skill level 1 in Translocations
  2220 | D:3      | Reached skill level 1 in Transmutations
  2220 | D:3      | Reached skill level 1 in Fire Magic
  2220 | D:3      | Reached skill level 1 in Ice Magic
  2220 | D:3      | Reached skill level 1 in Air Magic
  2220 | D:3      | Reached skill level 1 in Earth Magic
  2220 | D:3      | Reached skill level 1 in Poison Magic
  2220 | D:3      | Reached XP level 5. HP: 10/41 MP: 7/7
  2402 | D:4      | Found a broken altar of Ashenzari.
  2777 | D:4      | Noticed Pikel
  2777 | D:4      | Noticed a lemure
  2778 | D:4      | Noticed a lemure
  2778 | D:4      | Noticed a lemure
  2779 | D:4      | Noticed a lemure
  2875 | D:4      | Noticed Blork the orc
  2949 | D:4      | Killed Blork the orc
  2950 | D:4      | Reached XP level 6. HP: 38/47 MP: 8/8
  2994 | D:3      | Found Pimmizoc's Assorted Antiques.
  3166 | D:4      | Identified the +3 hammer of the Hills {spect, rElec Will-
                  | Int+7 Dex-3}
  3168 | D:4      | Found a runed translucent door.
  3169 | D:4      | Noticed Crazy Yiuf
  3201 | D:5      | Entered Level 5 of the Dungeon
  3360 | D:5      | Reached skill level 5 in Dodging
  3710 | D:4      | Noticed Duvessa
  3737 | D:4      | Noticed Dowan
  3746 | D:4      | Killed Duvessa
  3747 | D:4      | Reached XP level 7. HP: 40/52 MP: 10/10
  3747 | D:4      | Killed Dowan
  3765 | D:4      | Learned a level 2 spell: Ensorcelled Hibernation
  5220 | D:4      | Found a hazy altar of Hepliaklqana.
  5224 | D:4      | Became a worshipper of Hepliaklqana the Forgotten
  5478 | D:5      | Learned a level 1 spell: Sandblast
  5544 | D:5      | Reached XP level 8. HP: 29/60 MP: 12/12
  5658 | D:5      | Noticed Ijyb
  5751 | D:5      | Killed Ijyb
  6220 | D:6      | Found a staircase to the Ecumenical Temple.
  6240 | Temple   | Entered the Ecumenical Temple
  6670 | D:6      | Found a stormy altar of Qazlal.
  6944 | D:7      | Found Muefae's General Store.
  6951 | D:7      | Reached * piety under Hepliaklqana
  6953 | D:7      | Bought a potion of berserk rage for 65 gold pieces
  6953 | D:7      | Bought a wand of mindburst (4) for 72 gold pieces
  7148 | D:7      | Found Ehietzal's Distillery.
  7154 | D:7      | Bought a potion of curing for 42 gold pieces
  7154 | D:7      | Bought a potion of curing for 42 gold pieces
  7154 | D:7      | Bought a potion of curing for 42 gold pieces
  7174 | D:7      | Found Kayrunt's Weapon Emporium.
  7214 | D:7      | Reached XP level 9. HP: 47/59 MP: 14/14
  7428 | D:7      | Found Pehaosk's Assorted Antiques.
  8409 | D:7      | Reached skill level 5 in Fighting
  8643 | D:8      | Noticed Joseph
  8668 | D:8      | Slain by an orc warrior

Illustrated notes

Levels and vault maps discovered:
D:1:      psy_arrival_statuary, layout_loops_ring,
          ebering_ecumenical_altar_petrified
D:2:      layout_basic, basic_altar
D:3:      layout_rooms, serial_shops, nicolae_shop_trees
D:4:      layout_layer_cave, lemuel_coloured_pillars_altar,
          kennysheep_mini_moat, minmay_misc_feat_nine_boxes, minmay_bisected,
          uniq_blork_the_orc, uniq_duvessa, uniq_pikel, uniq_crazy_yiuf_cottage
D:5:      layout_gridville, uniq_ijyb
D:6:      kennysheep_six_static_rooms, layout_rooms, mainiacjoe_overflow_paths,
          minmay_temple_entry_butterflies, kennysheep_generic_room_15
D:7:      layout_loops_cross, serial_shops, nicolae_shop_crystal,
          nicolae_shop_behind_doors, shop, shop
D:8:      layout_loops_corners, uniq_jeremiah, uniq_joseph
Temple:   hellmonk_temple_of_storms

Skill      XL: |  1  2  3  4  5  6  7  8  9 |
---------------+----------------------------+-----
Invocations    | 1 2 3 4 |  4.7
Short Blades   | 1 2 3 4 |  4.2
Long Blades    | 1 2 3 4 |  4.2
Axes           | 1 2 3 4 |  4.2
Maces & Flails | 1 2 3 4 |  4.2
Polearms       | 1 2 3 4 |  4.2
Staves         | 1 2 3 4 |  4.2
Ranged Weapons | 1 2 3 4 |  4.2
Throwing       | 1 2 3 4 |  4.2
Armour         | 1 2 3 4 |  4.2
Stealth        | 1 2 3 4 |  4.2
Shields        | 1 2 3 4 |  4.2
Spellcasting   | 1 2 3 4 |  4.2
Evocations     | 1 2 3 4 |  4.2
Fighting       | 3 4 5 |  5.0
Conjurations   | 1 2 3 |  3.5
Hexes          | 1 2 3 |  3.5
Summonings     | 1 2 3 |  3.5
Necromancy     | 1 2 3 |  3.5
Translocations | 1 2 3 |  3.5
Transmutations | 1 2 3 |  3.5
Fire Magic     | 1 2 3 |  3.5
Ice Magic      | 1 2 3 |  3.5
Air Magic      | 1 2 3 |  3.5
Earth Magic    | 1 2 3 |  3.5
Poison Magic   | 1 2 3 |  3.5
Dodging        | 5 6 |  6.3
Unarmed Combat | 7 |  7.9
Shapeshifting  | 7 |  7.6

Action                     |  1- 3 |  4- 6 |  7- 9 || total
---------------------------+-------+-------+-------++-------
  Melee: Unarmed           |    79 |    99 |    70 ||   248
         Bite              |    10 |     8 |    28 ||    46
         Punch             |     3 |     6 |     9 ||    18
         Mace              |       |    10 |     1 ||    11
         Dagger            |       |       |    18 ||    18
         Short sword       |       |       |    58 ||    58
         Broad axe         |       |       |    72 ||    72
  Throw: Stone             |       |    29 |     6 ||    35
         Dart              |       |       |     5 ||     5
   Cast: Ensorcelled Hiber |       |       |    21 ||    21
         Sandblast         |       |       |     8 ||     8
 Invoke: Recall Ancestor   |       |       |     2 ||     2
  Evoke: Wand              |       |       |     2 ||     2
    Use: Scroll            |       |     4 |    17 ||    21
         Potion            |       |     5 |     6 ||    11
   Stab: Sleeping          |     3 |       |     9 ||    12
 Armour: Animal skin       |    36 |    74 |       ||   110
         Ring mail         |     4 |     4 |       ||     8
         Leather armour    |       |       |    96 ||    96
         Chain mail        |       |       |    98 ||    98
  Dodge: Dodged            |    53 |    59 |   134 ||   246

Table legend: (Time is in decaauts)
 A = Elapsed time spent in this place.
 B = Non-inter-level travel time spent in this place.
 C = Inter-level travel time spent in this place.
 D = Time resting spent in this place.
 E = Time spent auto-exploring this place.
 F = Levels seen in this place.
 G = Mean time per level.
                   A        B        C        D        E       F      G
               +--------+--------+--------+--------+--------+-----+--------+
         Total |   8670 |   8484 |    186 |   1169 |   3890 |   9 |  963.3 |
       Dungeon |   8619 |   8433 |    186 |   1169 |   3890 |   8 | 1077.4 |
        Temple |     50 |     50 |      0 |      0 |      0 |   1 |   50.0 |
               +--------+--------+--------+--------+--------+-----+--------+

Top non-repeatable levels by time:
     D:4: 1709 daAuts
     D:7: 1383 daAuts
     D:2: 1339 daAuts
     D:5: 1038 daAuts
     D:3: 1032 daAuts
     D:1: 881 daAuts
     D:6: 806 daAuts
     D:8: 428 daAuts
  Temple: 50 daAuts
